Map: Oxide LE

Players

Vanya - Winner!

  • Race: Zerg Zerg
  • League: Grandmaster
  • Spawn Location: 7:00

ShoWTimE

  • Race: Protoss Protoss
  • League: Master
  • Spawn Location: 1:00

Event: DreamHack SC2 Masters 2020 Winter

VOD

Have the link to the VOD?

Description

Time

  • Played on: Oct. 30, 2020, 1:53 p.m.
  • Length: 11:11

All games in this series

Show
View Real Time Build Order
Export as new Build Order

Vanya Zerg - Winner!

Build Orders: Hatch First, Swarm Host 

Get SALT Encoding   

  12  0:00  Drone  
  13  0:12  Overlord  
  13  0:16  Drone  
  14  0:31  Drone  
  15  0:41  Drone  
  16  0:51  Drone  
  16  0:52  Hatchery  
  16  0:54  Drone  
  17  0:58  Drone  
  18  1:08  Extractor  
  17  1:13  Spawning Pool  
  17  1:16  Drone  
  17  1:20  Drone  
  18  1:29  Drone  
  19  1:39  Drone  
  20  1:50  Overlord  
  20  2:01  Queen  
  22  2:04  Queen, Zergling x4  
  26  2:12  Drone  
  26  2:14  Metabolic Boost  
  27  2:16  Drone  
  28  2:23  Drone  
  29  2:33  Hatchery  
  29  2:35  Drone  
  29  2:43  Drone x2  
  31  2:46  Drone  
  32  2:55  Overlord  
  32  2:59  Zergling x2  
  32  3:00  Zergling x2  
  32  3:04  Queen  
  36  3:14  Zergling x4  
  36  3:15  Drone x2  
  36  3:18  Evolution Chamber  
  36  3:19  Drone x2  
  42  3:28  Overlord  
  42  3:29  Drone  
  43  3:34  Drone  
  43  3:36  Extractor, Roach Warren  
  43  3:37  Spore Crawler  
  43  3:41  Drone  
  43  3:43  Overlord  
  43  3:47  Queen  
  43  3:48  Drone x3  
  49  3:54  Overlord  
  48  3:57  Drone  
  48  4:01  Spore Crawler  
  48  4:03  Drone x4  
  48  4:06  Spore Crawler  
  48  4:08  Drone  
  52  4:13  Drone x3  
  53  4:22  Zergling x10  
  55  4:26  Queen  
  55  4:31  Drone  
  58  4:32  Spore Crawler  
  58  4:35  Drone x3  
  60  4:40  Overlord  
  60  4:41  Drone x2  
  62  4:47  Lair  
  62  4:50  Drone x2, Roach Warren  
  63  4:56  Extractor  
  63  4:57  Extractor  
  61  5:01  Drone x6  
  67  5:07  Overlord  
  67  5:09  Drone x3  
  67  5:14  Drone x3  
  72  5:18  Extractor  
  72  5:19  Evolution Chamber  
  68  5:21  Extractor  
  68  5:22  Drone x2, Extractor  
  68  5:23  Drone x5  
  68  5:28  Drone  
  73  5:30  Drone x5  
  73  5:34  Drone  
  79  5:42  Drone x2  
  80  5:51  Overlord  
  80  5:52  Drone x2  
  80  5:55  Hatchery  
  79  5:57  Drone x2  
  79  6:00  Zerg Missile Weapons Level 1  
  81  6:04  Infestation Pit  
  81  6:07  Overlord x2  
  81  6:09  Overlord  
  80  6:19  Drone, Glial Reconstitution  
  80  6:20  Overlord x2  
  80  6:24  Overlord  
  83  6:25  Roach  
  83  6:26  Roach x7  
  83  6:28  Overlord  
  97  6:38  Overlord  
  97  6:55  Swarm Host  
  97  6:56  Swarm Host x10  
  130  7:04  Swarm Host x3  
  139  7:10  Queen  
  139  7:13  Roach x4  
  139  7:14  Roach  
  150  7:19  Overlord  
  158  7:22  Roach  
  158  7:23  Roach x3  
  158  7:27  Overlord  
  158  7:28  Ravager  
  158  7:29  Overlord  
  159  7:33  Overlord  
  159  7:34  Overlord  
  159  7:38  Roach x3  
  159  7:40  Ravager x2  
  167  7:48  Roach x5  
  174  8:00  Roach x7  
  187  8:10  Roach x5  
  194  8:16  Roach x4  
  200  8:20  Zerg Missile Weapons Level 2  
  196  8:39  Roach  
  196  8:40  Roach x8  
  200  8:45  Roach  
  188  9:08  Roach x10  
  175  9:18  Roach  
  175  9:19  Roach x7  
  175  9:20  Ravager x3  
  175  9:21  Ravager  
  175  9:22  Zergling x8  
  193  9:34  Zergling x2  
  193  9:35  Roach x3, Zergling x2  
  191  9:40  Roach  
  191  9:43  Roach  
  191  9:44  Roach  
  193  9:49  Zergling x16  
  189  9:56  Zergling x2  
  189  9:57  Zergling x10  
  193  10:05  Roach  
  177  10:09  Roach x3  
  177  10:12  Queen  
  165  10:15  Ravager x9  
  165  10:17  Zergling x16  
  182  10:27  Roach x4  
  179  10:33  Hatchery  
  179  10:35  Roach x5  
  168  10:43  Roach x3  
  168  10:48  Roach x6  
Show
View Real Time Build Order
Export as new Build Order

ShoWTimE Protoss 

Build Orders: 1 Gate Expand, Oracle Opening, Archon Immortal 

Get SALT Encoding   

  12  0:00  Probe  
  13  0:12  Probe  
  14  0:19  Pylon  
  14  0:24  Probe  
  15  0:37  Probe (Chrono Boost)  
  15  0:40  Gateway  
  16  0:46  Probe (Chrono Boost)  
  17  0:50  Assimilator  
  17  0:51  Probe (Chrono Boost)  
  18  1:03  Probe  
  19  1:15  Probe  
  20  1:26  Nexus  
  20  1:36  Cybernetics Core  
  20  1:39  Probe  
  21  1:44  Assimilator  
  21  1:51  Probe  
  22  1:54  Pylon  
  22  2:04  Probe (Chrono Boost)  
  23  2:10  Adept (Chrono Boost)  
  23  2:13  Warp Gate  
  26  2:16  Probe (Chrono Boost)  
  26  2:22  Probe (Chrono Boost)  
  27  2:26  Stargate  
  27  2:30  Probe  
  27  2:32  Adept (Chrono Boost)  
  30  2:38  Probe  
  30  2:42  Probe  
  32  2:50  Probe  
  33  2:53  Stalker  
  33  2:54  Probe  
  36  3:02  Gateway, Probe  
  37  3:06  Probe  
  37  3:12  Oracle (Chrono Boost)  
  38  3:14  Probe  
  38  3:18  Probe  
  43  3:23  Pylon  
  43  3:26  Probe  
  44  3:30  Probe  
  45  3:38  Probe  
  45  3:39  Oracle (Chrono Boost)  
  46  3:43  Probe  
  50  3:50  Probe  
  50  3:55  Probe  
  51  4:01  Adept  
  51  4:02  Probe  
  54  4:04  Pylon  
  54  4:07  Assimilator  
  54  4:10  Assimilator  
  54  4:13  Probe  
  54  4:14  Probe  
  54  4:19  Oracle (Chrono Boost)  
  54  4:23  Pylon  
  57  4:25  Probe  
  57  4:26  Nexus  
  57  4:28  Robotics Facility  
  57  4:30  Probe  
  59  4:37  Probe  
  60  4:40  Pylon  
  60  4:42  Shield Battery  
  60  4:43  Probe  
  61  4:48  Forge  
  61  4:49  Probe  
  61  4:50  Sentry  
  61  4:51  Sentry  
  66  4:54  Pylon  
  66  4:55  Probe  
  67  5:01  Probe  
  67  5:02  Gateway  
  67  5:05  Gateway  
  69  5:07  Probe  
  69  5:11  Twilight Council  
  69  5:14  Probe  
  70  5:16  Observer  
  70  5:19  Probe  
  72  5:26  Probe  
  72  5:27  Zealot x2  
  72  5:28  Protoss Ground Weapons Level 1  
  77  5:31  Probe  
  78  5:37  Probe  
  78  5:38  Probe  
  78  5:42  Warp Prism (Chrono Boost)  
  82  5:43  Probe  
  84  5:50  Probe x2  
  84  5:55  Probe  
  84  5:56  Charge  
  84  5:57  Gateway  
  86  5:58  Gateway  
  86  6:00  Templar Archives  
  86  6:06  Assimilator, Probe x2  
  86  6:10  Assimilator  
  88  6:15  Immortal (Chrono Boost)  
  92  6:19  Probe x2  
  92  6:20  Gateway, Probe  
  92  6:22  Pylon  
  95  6:25  Gateway  
  95  6:31  Probe x2  
  97  6:33  Gateway  
  97  6:41  High Templar x2  
  97  6:44  Immortal (Chrono Boost)  
  101  6:50  High Templar x2, Archon, Pylon  
  101  6:51  Pylon  
  109  6:54  Photon Cannon  
  109  6:55  Archon  
  109  6:56  Shield Battery  
  109  7:00  Photon Cannon  
  109  7:05  Psionic Storm  
  109  7:14  Pylon, Immortal (Chrono Boost)  
  109  7:15  Pylon  
  113  7:16  Gateway  
  113  7:19  High Templar, Probe  
  113  7:22  Shield Battery  
  116  7:29  Photon Cannon  
  116  7:36  High Templar  
  118  7:37  Zealot x6  
  118  7:41  Pylon  
  130  7:47  High Templar  
  130  7:48  Immortal (Chrono Boost)  
  136  7:54  Pylon  
  136  7:55  Pylon  
  136  8:00  Zealot x4  
  136  8:04  High Templar x2  
  134  8:17  Zealot x2, Protoss Ground Weapons Level 2 (Chrono Boost)  
  138  8:20  Immortal  
  138  8:24  Zealot x4  
  144  8:39  Zealot x4  
  144  8:40  Zealot x2  
  140  8:54  Zealot x2  
  134  8:57  Zealot  
  134  8:59  Immortal  
  134  9:02  Archon  
  132  9:03  Zealot x3  
  120  9:15  High Templar x4  
  128  9:20  Zealot  
  128  9:21  Zealot x2  
  134  9:24  Shield Battery  
  134  9:25  Zealot x2  
  134  9:27  Shield Battery  
  134  9:30  Archon x2  
  136  9:35  Immortal (Chrono Boost)  
  136  9:36  High Templar  
  132  9:40  Zealot  
  132  9:45  High Templar x2  
  128  9:53  Zealot  
  128  9:55  Zealot x5  
  132  10:05  Zealot, Immortal (Chrono Boost)  
  126  10:10  Zealot  
  126  10:14  Zealot  
  120  10:18  Sentry  
  120  10:19  Zealot x2  
  126  10:25  Archon  
  126  10:27  High Templar x3  
  104  10:36  Archon  
  104  10:37  Immortal (Chrono Boost)  
  104  10:40  Zealot x3  
  101  10:43  Zealot x2  
  101  10:45  Zealot  
  95  10:52  Zealot  
Tags
 
Add a new tag
Caveats
  • Supply blocks, unpowered buildings, or Contaminate may cause inaccurate times.
  • Supply counts are checked every 10 seconds.